 Dungeon Crawl Stone Soup version 0.28-a0-1344-g6b9ff3a05d (webtiles) character file.

Game seed: 2479388793646958988

56 Deminshera the Sneak (level 3, -5/34 HPs)
             Began as a Naga Hunter on Dec 29, 2021.
             Slain by Natasha (7 damage)
             ... on level 3 of the Dungeon.
             The game lasted 00:02:37 (2981 turns).

Deminshera the Sneak (Naga Hunter)                  Turns: 2981, Time: 00:02:38

Health: -5/34      AC:  2    Str: 16    XL:     3   Next: 97%
Magic:  3/3        EV:  9    Int: 11    God:
Gold:   117        SH:  0    Dex: 11    Spells: 2/2 levels left

rFire   . . .      SeeInvis +   a - +1 hand crossbow
rCold   . . .      Faith    .   (no shield)
rNeg    . . .      Spirit   .   c - +0 leather armour
rPois   +          Reflect  .   (no helmet)
rElec   .          Harm     .   (no cloak)
rCorr   .          Rampage  .   (no gloves)
Will    .....                   (no barding)
Stlth   ++........              (no amulet)
HPRegen 0.11/turn               (no ring)
MPRegen 0.08/turn               (no ring)

@: very slow
A: AC +1, large, see invisible, deformed body, poison resistance, slowness 2,
spit poison 1, naga tail 1
a: Spit Poison


You were on level 3 of the Dungeon.
You visited 1 branch of the dungeon, and saw 3 of its levels.

You collected 117 gold pieces.

Inventory:

Hand Weapons
 a - a +1 hand crossbow (weapon)
 b - a +0 short sword
Missiles
 d - 19 bolts (quivered ammo)
Armour
 c - a +0 leather armour (worn)
Scrolls
 f - 2 scrolls of identify {unknown}
 g - a scroll of immolation {unknown}
 l - a scroll of silence {unknown}
Potions
 e - 2 potions of brilliance {unknown}
 h - a potion of cancellation {unknown}
 i - a potion of curing {unknown}
 j - a potion of heal wounds {unknown}
 k - a potion of degeneration {unknown}


   Skills:
 + Level 3.3 Fighting
 - Level 3.6 Crossbows
 - Level 1.5 Dodging
 - Level 4.0 Stealth


You had 2 spell levels left.
You didn't know any spells.
Your spell library was empty.

Dungeon Overview and Level Annotations

Branches:
Dungeon (3/15)

Altars:

Shops:
D:2 :

Annotations:
D:3 Natasha


Innate Abilities, Weirdness & Mutations

Your serpentine skin is tough. (AC +1)
You have supernaturally acute eyesight. (SInv)
Armour fits poorly on your strangely shaped body.
Your system is resistant to poisons. (rPois)
You cover ground very slowly.
You can spit poison.
You have a snake-like lower body.


Message History

You have got your breath back.
Natasha looks more healthy.
Natasha claws you.
You barely miss Natasha.
Natasha is severely wounded.
Natasha claws you.
You barely miss Natasha.
Natasha is severely wounded.
Natasha barely misses you.
You hit Natasha.
Natasha is severely wounded.
Natasha misses you.
You closely miss Natasha.
Natasha is severely wounded.
Natasha stares at you and mumbles some strange words.
The magic dart hits you.
You hit Natasha but do no damage.
Natasha is severely wounded.
Natasha barely misses you. Natasha casts a spell at you.
The magic dart hits you.
* * * LOW HITPOINT WARNING * * *
You barely miss Natasha.
Natasha is severely wounded.
The crimson imp blinks!
Natasha barely misses you. The crimson imp barely misses you.
You miss Natasha.
Natasha is severely wounded.
Natasha stares at you and mumbles some strange words.
The magic dart hits you.
* * * LOW HITPOINT WARNING * * *
The crimson imp hits you.
* * * LOW HITPOINT WARNING * * *
a - a +1 hand crossbow (weapon)
Fire: 20 bolts
Press: ? - help, Q - select action, (/) - cycle Shift-Dir - straight line, f/p - Natasha
Aim: Natasha (severely wounded, 56% to hit)
You shoot a bolt. The bolt hits Natasha.
Natasha is almost dead.
Natasha claws you!
You die...

#.# #.# #.# #.#
#.# # #.#
#.##.##<#
#.......####..#
..###..5@h§...#
######....#
##.#


You could see Natasha and a crimson imp (summoned).

Vanquished Creatures
  2 adders (D:2)
  3 bats
  5 endoplasms
  4 giant cockroaches
  4 hobgoblins
  4 kobolds
  A quokka (D:1)
  5 ball pythons
  2 frilled lizards (D:1)
  4 goblins
  3 rats (D:1)
37 creatures vanquished.

Notes
Turn   | Place    | Note
-------+----------+-------------------------------------------
     0 | D:1      | Deminshera the Naga Hunter began the quest for the Orb.
     0 | D:1      | Reached XP level 1. HP: 19/19 MP: 1/1
    19 | D:1      | Reached skill level 2 in Stealth
    81 | D:1      | Reached skill level 3 in Stealth
    81 | D:1      | Reached XP level 2. HP: 22/26 MP: 2/2
   741 | D:1      | Reached skill level 4 in Stealth
  1295 | D:1      | Reached XP level 3. HP: 29/33 MP: 3/3
  2215 | D:2      | Found Lazuynle's Book Boutique.
  2355 | D:2      | Found a faded altar of an unknown god.
  2964 | D:3      | Noticed Natasha
  2979 | D:3      | HP: 1/34 [crimson imp[Natasha] (3)]
  2981 | D:3      | Slain by Natasha

Illustrated notes

Levels and vault maps discovered:
D:1:      shiori_shiawase, layout_basic, serial_bayou_pond_a,
          palyth_stone_intersect
D:2:      layout_basic, hellmonk_ecumenical_altar_prayer_group, serial_shops,
          nicolae_diamond_shop, minmay_misc_feat_tower, minmay_heptomino_l4
D:3:      layout_loops_ring, nicolae_overflows_in_rows,
          amcnicky_mini_rare_corridor_liquid, moated_statue, fountainhead,
          kennysheep_generic_room_11, uniq_natasha, uniq_ijyb, uniq_sigmund,
          uniq_robin

Skill      XL: |  1  2  3 |
---------------+----------+-----
Stealth        | 3 4 |  4.0
Fighting       | 3 |  3.3
Crossbows      | |  3.6
Dodging        | |  1.5

Action                   || total
-------------------------++-------
Melee: Short sword       ||    94
 Fire: Hand crossbow     ||     9
 Abil: Spit Poison       ||    22
 Stab: Sleeping          ||     2
Armor: Leather armour    ||    25
Dodge: Dodged            ||    57

Table legend: (Time is in decaauts)
 A = Elapsed time spent in this place.
 B = Non-inter-level travel time spent in this place.
 C = Inter-level travel time spent in this place.
 D = Time resting spent in this place.
 E = Time spent auto-exploring this place.
 F = Levels seen in this place.
 G = Mean time per level.
                   A        B        C        D        E       F      G
               +--------+--------+--------+--------+--------+-----+--------+
         Total |   3543 |   3495 |     48 |   1136 |   2058 |   3 | 1181.0 |
       Dungeon |   3543 |   3495 |     48 |   1136 |   2058 |   3 | 1181.0 |
               +--------+--------+--------+--------+--------+-----+--------+

Top non-repeatable levels by time:
     D:2: 1785 daAuts
     D:1: 1738 daAuts
     D:3: 19 daAuts
